Map: Tours du crépuscule

Players

zidar

  • Race: Zerg Zerg
  • League: Silver
  • Spawn Location: 1:00

Doyler - Winner!

  • Race: Protoss Protoss
  • League: Silver
  • Spawn Location: 7:00

VOD

Have the link to the VOD?

Description

Time

  • Played on: Dec. 16, 2015, 8:56 a.m.
  • Length: 12:41
Show
View Real Time Build Order
Export as new Build Order

zidar Zerg 

Build Orders: Hatch First 

Get SALT Encoding   

  12  0:04  Drone  
  13  0:12  Drone  
  14  0:19  Overlord, Extractor  
  13  0:24  Drone  
  15  0:37  Drone  
  15  0:38  Drone  
  17  0:57  Hatchery  
  16  1:09  Spawning Pool  
  15  1:12  Drone  
  15  1:15  Drone  
  17  1:20  Extractor  
  17  1:22  Drone  
  17  1:47  Drone x3  
  20  2:09  Roach Warren  
  20  2:10  Queen  
  20  2:13  Queen  
  23  2:16  Drone  
  24  2:22  Extractor  
  24  2:24  Drone x2  
  25  2:30  Metabolic Boost  
  25  2:36  Drone  
  26  3:14  Roach  
  26  3:16  Overlord  
  26  3:17  Overlord x2  
  27  3:35  Queen  
  27  3:37  Roach  
  27  3:38  Roach x4  
  39  3:56  Drone x4  
  43  4:12  Lair  
  43  4:25  Drone x6  
  49  4:33  Drone  
  49  4:34  Drone  
  49  4:36  Overlord  
  51  4:49  Ravager  
  52  5:03  Extractor  
  52  5:05  Extractor  
  51  5:14  Ravager x3  
  51  5:17  Ravager  
  54  5:54  Hydralisk Den, Glial Reconstitution  
  53  6:17  Drone x7  
  60  6:20  Hatchery  
  50  6:39  Zergling x8  
  51  6:40  Zergling x22  
  59  6:52  Overlord  
  59  6:53  Overlord  
  59  7:08  Spine Crawler  
  59  7:10  Queen x2  
  59  7:14  Overlord x2  
  62  7:20  Roach x2  
  66  7:48  Hydralisk  
  66  7:49  Roach x4, Hydralisk x3  
  66  7:50  Roach x2  
  86  7:57  Muscular Augments  
  86  8:04  Evolution Chamber  
  85  8:06  Evolution Chamber  
  85  8:07  Drone x4  
  88  8:18  Hydralisk  
  90  8:21  Overlord x4  
  89  8:51  Roach, Hydralisk  
  89  8:52  Roach x10  
  113  9:19  Roach, Hydralisk  
  73  9:50  Roach, Hydralisk x2  
  73  9:51  Roach x11  
  101  9:56  Hydralisk  
  103  10:00  Hydralisk  
  105  10:09  Drone x3  
  105  10:10  Drone  
  109  10:38  Drone x6  
  61  11:33  Hydralisk  
  61  11:34  Roach x12, Hydralisk x3  
  61  11:35  Roach x8  
  103  11:46  Drone x2  
  105  12:05  Hydralisk x3  
  105  12:06  Hydralisk  
  113  12:08  Roach  
  113  12:11  Roach  
Show
View Real Time Build Order
Export as new Build Order

Doyler Protoss - Winner!

Build Orders: 1 Gate Expand 

Get SALT Encoding   

  12  0:02  Probe (Chrono Boost)  
  13  0:12  Probe (Chrono Boost)  
  14  0:18  Pylon  
  14  0:23  Probe (Chrono Boost)  
  15  0:36  Probe (Chrono Boost)  
  15  0:38  Gateway  
  16  0:47  Probe (Chrono Boost)  
  17  0:57  Pylon  
  17  1:00  Probe (Chrono Boost)  
  17  1:02  Assimilator  
  18  1:28  Nexus  
  18  1:43  Cybernetics Core  
  18  1:51  Gateway  
  19  1:54  Probe (Chrono Boost)  
  19  2:14  Probe (Chrono Boost)  
  20  2:16  Gateway  
  20  2:19  Warp Gate (Chrono Boost)  
  20  2:22  Assimilator  
  20  2:25  Probe (Chrono Boost)  
  21  2:30  Zealot  
  23  2:41  Probe x2 (Chrono Boost)  
  25  2:58  Probe x2 (Chrono Boost)  
  27  3:01  Robotics Facility  
  27  3:11  Probe x2 (Chrono Boost)  
  28  3:23  Probe (Chrono Boost)  
  28  3:26  Mothership Core (Chrono Boost)  
  31  3:48  Gateway  
  31  3:49  Pylon  
  31  3:51  Observer, Gateway  
  32  4:00  Probe  
  32  4:01  Probe  
  34  4:20  Probe  
  34  4:22  Probe  
  34  4:23  Robotics Bay  
  36  4:25  Twilight Council  
  36  4:28  Observer  
  37  4:33  Probe  
  37  4:34  Probe  
  39  4:44  Pylon  
  39  4:45  Probe  
  39  4:46  Probe  
  39  4:52  Adept x3  
  47  4:58  Probe  
  48  5:01  Immortal  
  52  5:07  Stalker  
  54  5:17  Probe  
  54  5:19  Probe  
  56  5:29  Probe  
  56  5:31  Probe  
  56  5:34  Stalker x2  
  62  5:43  Pylon  
  62  5:47  Pylon  
  62  5:57  Assimilator  
  62  6:00  Probe  
  62  6:01  Probe, Assimilator  
  62  6:02  Stalker x2  
  62  6:03  Stalker  
  70  6:04  Pylon  
  70  6:46  Nexus  
  70  6:48  Pylon  
  70  6:50  Pylon  
  70  6:59  Probe  
  70  7:00  Probe  
  72  7:06  Stalker x3  
  72  7:07  Stalker  
  80  7:12  Extended Thermal Lance  
  80  7:17  Blink  
  80  7:25  Pylon  
  80  7:27  Stalker  
  80  7:28  Pylon  
  82  7:30  Gateway  
  82  7:37  Probe  
  82  7:39  Probe  
  82  7:41  Stalker x4  
  92  7:48  Probe  
  92  7:51  Probe, Stalker  
  94  7:55  Warp Prism  
  94  7:58  Probe x2  
  98  8:05  Assimilator  
  100  8:09  Pylon  
  100  8:13  Probe x2  
  100  8:15  Gateway, Probe  
  100  8:17  Stalker x2  
  100  8:18  Stalker x2  
  111  8:20  Gateway  
  111  8:28  Pylon  
  115  8:51  Colossus  
  117  9:05  Stalker x2  
  117  9:06  Stalker x4  
  121  9:37  Stalker x6  
  95  9:55  Probe  
  95  9:56  Probe  
  97  10:02  Probe  
  97  10:03  Assimilator  
  97  10:05  Probe, Stalker  
  97  10:06  Stalker x2  
  97  10:07  Stalker x3  
  106  10:08  Stalker  
  113  10:18  Stalker  
  115  10:22  Colossus  
  121  10:44  Forge  
  121  10:48  Stalker x3  
  127  10:50  Stalker x5  
  137  11:04  Pylon  
  137  11:07  Pylon  
  137  11:08  Pylon  
  111  11:41  Stalker x2  
  111  11:42  Stalker x3  
  111  11:43  Stalker  
  123  12:04  Nexus  
  123  12:06  Pylon  
  123  12:07  Pylon  
  123  12:08  Stalker x2  
  123  12:09  Stalker x4  
  123  12:10  Stalker x2  
Tags
 
Add a new tag
Caveats
  • Supply blocks, unpowered buildings, or Contaminate may cause inaccurate times.
  • Supply counts are checked every 10 seconds.